 Dungeon Crawl Stone Soup version 0.16-a0-269-gd5b6136 (webtiles) character file.

1702403 SkaryMonk the Middleweight Champion (level 27, 213/213 (214) HPs)
             Began as a Vampire Transmuter on Aug 25, 2014.
             Was the Champion of Cheibriados.
             Escaped with the Orb
             ... and 3 runes on Aug 26, 2014!
             The game lasted 08:11:27 (74535 turns).

SkaryMonk the Middleweight Champion (VpTm)         Turns: 74535, Time: 08:11:28

HP 213/213 (214) AC 45     Str 32      XL: 27
MP  35/35        EV 34     Int 30      God: Cheibriados [******]
Gold 10476       SH  9     Dex 29      Spells:  8 memorised,  4 levels left

rFire  + . .     SeeInvis +       - Unarmed
rCold  + + .     Clarity  .     n - +10 plate armour {rF+}
rNeg   + + +     rCorr    +     p - +2 buckler {AC+3}
rPois  +         rRot     .     B - -2 helmet of a Thousand Orbs {rElec rPois rC+ Dex-2}
rElec  +         Spirit   .     W - +4 dragonskin cloak
SustAb .         Warding  .     X - +2 pair of gloves "Cru Tuxt" {rN+}
rMut   +         Stasis   .     I - +1 pair of boots {+Jump}
Gourm  .                        N - amulet of resist mutation
MR     ++...                    A - ring of Beauty {rN+ Dex+1 Slay+4}
                                c - ring of Birdsong {rC+ rN+}

@: regenerating quickly, very slow, very resistant to hostile enchantments,
extremely unstealthy
A: bottle blood, fangs 3, talons 1, see invisible, mutation resistance 1, poison
resistance, unbreathing
a: Bottle Blood, Bend Time, Temporal Distortion, Slouch, Step From Time,
Renounce Religion, Evoke Jump Attack
0: Orb of Zot
}: 3/15 runes: barnacled, silver, gossamer


You escaped.
You worshipped Cheibriados.
Cheibriados was exalted by your worship.
You were very full.

You visited 10 branches of the dungeon, and saw 56 of its levels.
You also visited: Labyrinth, Sewer, Ice Cave and Wizlab.

You collected 10476 gold pieces.

Notes
Turn   | Place    | Note
--------------------------------------------------------------
     0 | D:1      | SkaryMonk, the Vampire Transmuter, began the quest for the Orb.
     0 | D:1      | Reached XP level 1. HP: 14/14 MP: 3/3
   209 | D:1      | Learned a level 1 spell: Beastly Appendage
   466 | D:1      | Reached XP level 2. HP: 20/20 MP: 4/4
   510 | D:1      | Reached skill level 4 in Unarmed Combat
  1248 | D:2      | Found a glowing silver altar of Zin.
  1249 | D:2      | Found a burning altar of Makhleb.
  1249 | D:2      | Found a stormy altar of Qazlal.
  1251 | D:2      | Found an iron altar of Okawaru.
  1350 | D:2      | Reached XP level 3. HP: 21/25 MP: 4/6
  1366 | D:2      | Learned a level 2 spell: Sticks to Snakes
  1370 | D:2      | Learned a level 3 spell: Spider Form
  1758 | D:2      | Found a bloodstained altar of Trog.
  2017 | D:3      | Reached skill level 5 in Unarmed Combat
  2667 | D:3      | Reached XP level 4. HP: 28/31 MP: 7/7
  2761 | D:4      | Noticed MackTheKnife's ghost (average CeGl)
  2805 | D:4      | Noticed a phantom
  2837 | D:4      | Killed a phantom
  2837 | D:4      | Reached skill level 6 in Unarmed Combat
  2837 | D:4      | Reached XP level 5. HP: 13/36 MP: 2/9
  3329 | D:4      | Reached skill level 7 in Unarmed Combat
  3559 | D:4      | Noticed an ogre
  3581 | D:4      | Killed an ogre
  3581 | D:4      | Reached XP level 6. HP: 42/42 MP: 3/10
  3829 | D:4      | Reached skill level 8 in Unarmed Combat
  4246 | D:4      | Noticed an ogre
  4264 | D:4      | Killed an ogre
  4364 | D:4      | Reached XP level 7. HP: 31/47 MP: 9/12
  4465 | D:5      | Entered Level 5 of the Dungeon
  4492 | D:5      | Reached skill level 9 in Unarmed Combat
  4524 | D:5      | Found a glowing drain.
  4529 | Sewer    | Entered a sewer
  4764 | D:5      | Noticed Menkaure
  4774 | D:5      | Killed Menkaure
  4982 | D:5      | Reached skill level 10 in Unarmed Combat
  5084 | D:5      | Noticed haldagan's ghost (experienced GrMo)
  5100 | D:5      | Killed haldagan's ghost
  5100 | D:5      | Reached XP level 8. HP: 23/53 MP: 4/13
  5204 | D:5      | Reached skill level 11 in Unarmed Combat
  5285 | D:5      | Noticed Grinder
  5303 | D:5      | Killed Grinder
  5584 | D:5      | Noticed Crazy Yiuf
  5592 | D:5      | Killed Crazy Yiuf
  5592 | D:5      | Reached skill level 5 in Dodging
  6287 | D:6      | Found a basalt altar of Yredelemnul.
  6517 | D:6      | Reached XP level 9. HP: 58/58 MP: 12/14
  7681 | D:7      | Found a staircase to the Ecumenical Temple.
  7689 | Temple   | Entered the Ecumenical Temple
  7699 | Temple   | Became a worshipper of Cheibriados the Contemplative
  8097 | D:7      | Killed a staircase mimic
  8097 | D:7      | Reached skill level 10 in Dodging
  8107 | D:7      | Learned a level 5 spell: Blade Hands
  8256 | D:8      | Noticed Duvessa
  8258 | D:8      | Noticed Edmund
  8265 | D:8      | Noticed Dowan
  8270 | D:8      | Killed Edmund
  8277 | D:8      | Killed Duvessa
  8291 | D:8      | Killed Dowan
  8291 | D:8      | Reached skill level 5 in Transmutations
  8666 | D:8      | Reached XP level 10. HP: 35/64 MP: 16/16
  8774 | D:8      | Found a blossoming altar of Fedhas.
  9363 | D:9      | Noticed a four-headed hydra
  9414 | D:9      | Found an iron altar of Okawaru.
  9993 | D:9      | Killed a four-headed hydra
  9993 | D:9      | Reached skill level 10 in Transmutations
 10053 | D:9      | Noticed Joseph
 10066 | D:9      | Killed Joseph
 10066 | D:9      | Reached skill level 1 in Armour
 10281 | D:9      | Acquired Cheibriados' first power
 10312 | D:9      | Found a staircase to the Lair.
 10596 | D:10     | Entered Level 10 of the Dungeon
 10667 | D:10     | Noticed a hill giant
 10677 | D:10     | Killed a hill giant
 10748 | D:10     | Reached XP level 11. HP: 62/69 MP: 15/17
 10878 | D:10     | Got an encrusted cloak
 10889 | D:10     | Identified the cursed -2 cloak of Protective Custody {Str+3 Dex+2} (You found it on level 10 of the Dungeon)
 11162 | D:10     | Found Ymagemul's Food Emporium.
 11177 | D:10     | Reached skill level 5 in Armour
 11311 | D:10     | Acquired Cheibriados' second power
 12012 | D:11     | Found a staircase to the Orcish Mines.
 12587 | D:11     | Noticed a hill giant
 12601 | D:11     | Killed a hill giant
 12756 | D:11     | Acquired Cheibriados' third power
 12855 | D:11     | Noticed a hill giant
 12860 | D:11     | Noticed a hill giant
 12878 | D:11     | Killed a hill giant
 13401 | D:11     | Killed a hill giant
 13592 | Lair:1   | Entered Level 1 of the Lair of Beasts
 13688 | Lair:1   | Got a slimy helmet
 13696 | Lair:1   | Identified the cursed -2 helmet of a Thousand Orbs {rElec rPois rC+ Dex-2} (You found it on level 1 of the Lair of Beasts)
 14009 | Lair:1   | Reached XP level 12. HP: 44/75 MP: 14/18
 14238 | Lair:1   | Reached skill level 10 in Armour
 14695 | Lair:2   | Reached skill level 1 in Fighting
 14711 | Lair:2   | Found a frozen archway.
 14759 | Lair:2   | Learned a level 4 spell: Ice Form
 14761 | IceCv    | Entered an ice cave
 14770 | IceCv    | Reached skill level 1 in Invocations
 15822 | IceCv    | Found an ancient bone altar of Kikubaaqudgha.
 16126 | Lair:2   | Identified a scroll of acquirement
 16129 | Lair:2   | Got a shimmering cloak
 16140 | Lair:2   | Identified the +0 cloak of Filth {+Fly rPois MR++ Stlth+} (You acquired it on level 2 of the Lair of Beasts)
 16749 | Lair:3   | Reached XP level 13. HP: 85/87 MP: 18/23
 18045 | Lair:4   | Reached skill level 12 in Unarmed Combat
 18049 | Lair:4   | Found a hole to the Spider Nest.
 18215 | Lair:4   | Reached skill level 5 in Spellcasting
 18822 | Lair:4   | Reached skill level 5 in Fighting
 18976 | Lair:4   | Reached skill level 5 in Invocations
 19010 | Spider:1 | Entered Level 1 of the Spider Nest
 19321 | Spider:1 | Reached skill level 13 in Unarmed Combat
 19753 | Spider:1 | Reached XP level 14. HP: 98/98 MP: 26/26
 19963 | Spider:1 | Reached skill level 14 in Unarmed Combat
 20025 | Spider:1 | Noticed an emperor scorpion
 20046 | Spider:1 | Killed an emperor scorpion
 20077 | Spider:1 | Noticed an emperor scorpion
 20083 | Spider:1 | Killed an emperor scorpion
 20086 | Spider:1 | Noticed an emperor scorpion
 20090 | Spider:1 | Noticed an emperor scorpion
 20100 | Spider:1 | Killed an emperor scorpion
 20105 | Spider:1 | Killed an emperor scorpion
 20119 | Spider:1 | HP: 4/98 [boulder beetle (24)]
 20605 | Spider:1 | Noticed an emperor scorpion
 20615 | Spider:1 | Killed an emperor scorpion
 20806 | Spider:2 | Reached skill level 15 in Unarmed Combat
 20891 | Spider:2 | Reached skill level 10 in Invocations
 21100 | Spider:2 | Noticed Arachne
 21128 | Spider:2 | Killed Arachne
 21128 | Spider:2 | Reached XP level 15. HP: 39/103 MP: 2/28
 21650 | Spider:3 | Noticed Louise
 21655 | Spider:3 | Killed Louise
 23309 | Lair:5   | Reached skill level 16 in Unarmed Combat
 23320 | Lair:5   | Found a staircase to the Shoals.
 23468 | Lair:5   | Noticed Rupert
 23874 | Lair:5   | Killed Rupert
 25122 | Spider:5 | Entered Level 5 of the Spider Nest
 25128 | Spider:5 | Got a pair of ichor-stained gloves
 25139 | Spider:5 | Identified the +2 pair of gloves "Cru Tuxt" {rN+} (You acquired it on level 5 of the Spider Nest)
 25557 | Spider:5 | Reached skill level 17 in Unarmed Combat
 25650 | Spider:5 | Reached XP level 16. HP: 77/109 MP: 18/29
 26598 | Spider:5 | Reached skill level 18 in Unarmed Combat
 26992 | Spider:5 | Got a gossamer rune of Zot
 27855 | Lair:6   | Noticed Maud
 27869 | Lair:6   | Killed Maud
 27969 | Lair:6   | Learned a level 6 spell: Statue Form
 28011 | Lair:6   | Found a bloodstained altar of Trog.
 28321 | Lair:6   | Found a bloodstained altar of Trog.
 28788 | Lair:7   | Reached skill level 1 in Earth Magic
 29069 | Lair:7   | Reached XP level 17. HP: 110/115 MP: 30/30
 29178 | Lair:7   | Noticed Nergalle
 29182 | Lair:7   | Killed Nergalle
 29755 | Lair:8   | Entered Level 8 of the Lair of Beasts
 29831 | Lair:8   | Noticed Erica
 29836 | Lair:8   | Killed Erica
 30037 | Lair:8   | Found a staircase to the Slime Pits.
 30644 | Lair:8   | Identified the Catalogue of Augmentations
 31029 | Lair:5   | Reached skill level 19 in Unarmed Combat
 31048 | Shoals:1 | Entered Level 1 of the Shoals
 31048 | Shoals:1 | Found Phibyixa's Weapon Shop.
 31804 | Shoals:3 | Noticed Asterion
 32079 | Shoals:2 | Noticed Roxanne
 32086 | Shoals:2 | Killed Roxanne
 32086 | Shoals:2 | Reached skill level 5 in Earth Magic
 32088 | Shoals:2 | Identified Roxanne's Incunabulum of Mutagenic Stones (You took it off Roxanne on level 2 of the Shoals)
 32204 | Shoals:3 | Noticed Ilsuiw
 32921 | Shoals:5 | Entered Level 5 of the Shoals
 33617 | Shoals:5 | Reached XP level 18. HP: 102/121 MP: 30/30
 33830 | Shoals:5 | Noticed Snorg
 33839 | Shoals:5 | Killed Snorg
 34313 | Shoals:5 | Got a barnacled rune of Zot
 34432 | Shoals:3 | Reached skill level 15 in Armour
 34920 | Orc:1    | Entered Level 1 of the Orcish Mines
 35517 | Orc:2    | Found Suqenai's Weapon Boutique.
 35559 | Orc:2    | Found a bloodstained altar of Trog.
 35731 | Orc:3    | Found a staircase to the Elven Halls.
 35915 | Orc:4    | Entered Level 4 of the Orcish Mines
 36470 | Orc:4    | Found Guaris' Antique Weapon Emporium.
 36470 | Orc:4    | Found Mishriffa's General Store.
 36473 | Orc:4    | Found Ylirchona's Distillery.
 36475 | Orc:4    | Found Kymanwu's Magic Scroll Shoppe.
 36632 | Orc:4    | Found a burning altar of Makhleb.
 36670 | Orc:4    | Noticed Nessos
 36672 | Orc:4    | Killed Nessos
 37086 | Orc:3    | Found Geacsef's Antique Weapon Emporium.
 38691 | D:12     | Found a portal to a secret trove of treasure.
 38966 | D:12     | Noticed an unseen horror
 38968 | D:12     | Killed an unseen horror
 39344 | D:13     | Found an iron altar of Okawaru.
 39501 | D:13     | Found a gate to the Vaults.
 39515 | D:13     | Reached skill level 20 in Unarmed Combat
 40061 | D:14     | Noticed Harold
 40065 | D:14     | Killed Harold
 40208 | D:14     | Found Maupnana's Food Shoppe.
 40239 | D:14     | Found a sparkling altar of Nemelex Xobeh.
 40904 | D:15     | Entered Level 15 of the Dungeon
 41035 | D:15     | Found a staircase to the Depths.
 41060 | D:15     | Found a labyrinth entrance.
 41065 | Lab      | Entered a labyrinth
 42632 | Vaults:1 | Entered Level 1 of the Vaults
 42633 | Vaults:1 | Upgraded the game from 0.16-a0-262-g6fc725f to 0.16-a0-269-gd5b6136
 42882 | Vaults:1 | Learned a level 7 spell: Dragon Form
 43008 | Vaults:1 | Reached XP level 19. HP: 126/126 MP: 26/31
 43225 | Vaults:1 | Reached skill level 10 in Earth Magic
 43390 | Vaults:1 | Noticed Agnes
 43391 | Vaults:1 | Killed Agnes
 43509 | Vaults:1 | Found Laehuck's Food Shop.
 43674 | Vaults:1 | Noticed Aizul
 43686 | Vaults:1 | Killed Aizul
 43765 | Vaults:1 | Reached skill level 21 in Unarmed Combat
 43908 | Vaults:1 | Reached skill level 15 in Transmutations
 45779 | Vaults:2 | Reached XP level 20. HP: 111/133 MP: 27/32
 46192 | Vaults:2 | Reached skill level 22 in Unarmed Combat
 47001 | Vaults:3 | Found a staircase to the Crypt.
 47811 | Vaults:3 | Found Xauriy's Distillery.
 48301 | Vaults:3 | Found Strya's Gadget Shop.
 48326 | Vaults:4 | Noticed Xtahua
 48330 | Vaults:4 | Killed Xtahua
 48479 | Vaults:4 | Found a magical portal.
 48492 | WizLab   | Entered Eringya's Formal Garden
 48790 | WizLab   | Found a blossoming altar of Fedhas.
 48806 | WizLab   | Identified Easy Spellcraft
 48815 | WizLab   | Learned a level 2 spell: Blink
 48821 | WizLab   | Identified the Handbook of Moulding and Malediction (You found it in a wizard's laboratory)
 48834 | WizLab   | Identified The Advanced Guide to Magic
 48836 | WizLab   | Identified the Handbook of Shape Shifting and Air
 49014 | WizLab   | Reached skill level 23 in Unarmed Combat
 49360 | Vaults:4 | Reached XP level 21. HP: 126/149 MP: 5/32
 50429 | Vaults:4 | Reached skill level 10 in Fighting
 50560 | Vaults:4 | Reached skill level 1 in Shields
 50903 | Crypt:1  | Entered Level 1 of the Crypt
 51583 | Crypt:2  | Reached skill level 5 in Shields
 51981 | Crypt:2  | Got a slimy plate armour
 52137 | Crypt:3  | Entered Level 3 of the Crypt
 52166 | Crypt:3  | Reached skill level 24 in Unarmed Combat
 52324 | Crypt:3  | Reached skill level 1 in Translocations
 52589 | Crypt:3  | Found a staircase to the Tomb.
 52864 | Crypt:3  | Found an ancient bone altar of Kikubaaqudgha.
 53238 | Crypt:3  | Got a heavily runed lead ring
 53238 | Crypt:3  | Got a crude brass ring
 53256 | Crypt:3  | Noticed an ancient lich
 53272 | Crypt:3  | Killed an ancient lich
 53272 | Crypt:3  | Reached XP level 22. HP: 158/158 MP: 29/33
 53336 | Crypt:3  | Identified the +4 plate armour "Vetyer" {+Blink rPois rC+} (You found it on level 2 of the Crypt)
 53369 | Crypt:3  | Identified Lehudib's Incunabulum of Earth (You found it on level 3 of the Crypt)
 53644 | Crypt:3  | Gained mutation: You have sharp toenails. [potion of beneficial mutation]
 54898 | Depths:1 | Entered Level 1 of the Depths
 55077 | Depths:1 | Found a gateway to Hell.
 55624 | Depths:1 | Found a sparkling altar of Nemelex Xobeh.
 56311 | Depths:2 | Found Chaor's General Store.
 56514 | Depths:2 | Gained mutation: You are somewhat resistant to further mutation. [potion of beneficial mutation]
 56977 | Depths:2 | Identified Bouco's Volume of Displacement (You found it on level 2 of the Depths)
 56983 | Depths:2 | Learned a level 4 spell: Control Teleport
 57043 | Depths:2 | Found a shattered altar of Ashenzari.
 57186 | Depths:2 | Reached skill level 1 in Charms
 57236 | Depths:2 | Reached skill level 25 in Unarmed Combat
 57380 | Depths:3 | Identified the ring of Birdsong {rC+ rN+} (You found it on level 3 of the Crypt)
 57385 | Depths:3 | Identified the ring of Beauty {rN+ Dex+1 Slay+4} (You found it on level 3 of the Crypt)
 57394 | Depths:3 | Got a steaming scale mail
 57405 | Depths:3 | Identified the cursed +11 scale mail "Ghij" {Dex+2} (You found it on level 3 of the Depths)
 57437 | Depths:3 | Reached XP level 23. HP: 141/164 MP: 25/33
 58003 | Depths:3 | Found a one-way gate leading to the halls of Pandemonium.
 58172 | Depths:3 | Reached skill level 5 in Charms
 58261 | Depths:3 | Reached skill level 5 in Translocations
 58964 | Depths:4 | Reached skill level 15 in Dodging
 59772 | Depths:4 | Found a one-way gate to the infinite horrors of the Abyss.
 60285 | Depths:4 | Reached XP level 24. HP: 171/171 MP: 29/34
 60347 | Depths:5 | Entered Level 5 of the Depths
 60463 | Depths:5 | Reached skill level 26 in Unarmed Combat
 60545 | Depths:5 | Found a gate to the Realm of Zot.
 60763 | Depths:5 | Noticed Frederick
 60772 | Depths:5 | Killed Frederick
 61017 | Depths:5 | Found a gateway to a ziggurat.
 62054 | Vaults:5 | Entered Level 5 of the Vaults
 62057 | Vaults:5 | Noticed Mara
 62618 | Vaults:5 | Noticed SkaryMonk's illusion
 62636 | Vaults:5 | Killed Mara
 63034 | Vaults:5 | Got an encrusted executioner's axe
 63103 | Vaults:5 | Learned a level 1 spell: Apportation
 63385 | Vaults:5 | Reached XP level 25. HP: 167/176 MP: 34/34
 63748 | Vaults:5 | Reached skill level 27 in Unarmed Combat
 63987 | Vaults:5 | Noticed Boris
 63992 | Vaults:5 | Killed Boris
 64000 | Vaults:5 | Found Clodaid's Book Boutique.
 64446 | Vaults:5 | Identified the +8 executioner's axe of Okawaru's Delight {chop, rC++ SInv} (You took it off a tengu reaver on level 5 of the Vaults)
 64898 | Vaults:5 | Noticed Jory
 64905 | Vaults:5 | Killed Jory
 65082 | Vaults:5 | Got a silver rune of Zot
 65888 | Zot:1    | Entered Level 1 of the Realm of Zot
 67046 | Zot:2    | Reached XP level 26. HP: 158/188 MP: 35/35
 67397 | Zot:2    | Identified Iskenderun's Tome of Burning Arcane Weapons
 67408 | Zot:2    | Got a shimmering steam dragon armour
 67419 | Zot:2    | Identified the +0 steam dragon armour of Tueleawo {rF+ Dex+1 Int-3 Slay+3} (You found it on level 2 of the Realm of Zot)
 67540 | Zot:2    | Noticed an orb of fire
 67548 | Zot:2    | Killed an orb of fire
 68628 | Zot:3    | Got a bloodstained ring mail
 69195 | Zot:3    | Identified the +4 ring mail of the Big Bang {SInv} (You found it on level 3 of the Realm of Zot)
 69242 | Zot:4    | Gained mutation: Your system is resistant to poisons. [potion of beneficial mutation]
 70629 | Zot:4    | Reached XP level 27. HP: 200/202 MP: 33/35
 71854 | Zot:5    | Entered Level 5 of the Realm of Zot
 71906 | Zot:5    | Noticed Tiamat
 72251 | Zot:5    | Killed Tiamat
 72448 | Zot:5    | Noticed an ancient lich
 72452 | Zot:5    | Killed an ancient lich
 72515 | Zot:5    | Reached skill level 15 in Fighting
 72705 | Zot:5    | Noticed an orb of fire
 72711 | Zot:5    | Killed an orb of fire
 72742 | Zot:5    | Noticed an ancient lich
 72755 | Zot:5    | Killed an ancient lich
 72877 | Zot:5    | Noticed an orb of fire
 72883 | Zot:5    | Killed an orb of fire
 72893 | Zot:5    | Noticed an orb of fire
 72927 | Zot:5    | Killed an orb of fire
 72952 | Zot:5    | Noticed an ancient lich
 72959 | Zot:5    | Killed an ancient lich
 72971 | Zot:5    | Noticed an ancient lich
 73073 | Zot:5    | Killed an ancient lich
 73631 | Zot:5    | Got the Orb of Zot
 73687 | Zot:5    | Noticed Wueqeikh the pandemonium lord
 73736 | Zot:5    | Killed Wueqeikh the pandemonium lord
 74041 | Depths:1 | Noticed Xeosh the pandemonium lord
 74056 | Depths:1 | Killed Xeosh the pandemonium lord
 74078 | Depths:1 | Noticed Qoerunaf the pandemonium lord
 74086 | Depths:1 | Killed Qoerunaf the pandemonium lord
 74126 | Depths:1 | Noticed Giwoshru the pandemonium lord
 74133 | Depths:1 | Noticed Stuaz the pandemonium lord
 74145 | D:15     | Killed Stuaz the pandemonium lord
 74395 | D:5      | Noticed Bueroish the pandemonium lord
 74408 | D:5      | Killed Bueroish the pandemonium lord
 74535 | D:$      | Escaped with the Orb!

Inventory:

Armour
 n - a +10 plate armour of fire resistance (worn)
 p - a +2 buckler of protection (worn)
 B - the -2 helmet of a Thousand Orbs (worn) {rElec rPois rC+ Dex-2}
   (You found it on level 1 of the Lair of Beasts)

   It affects your dexterity (-2).
   It protects you from cold.
   It insulates you from electricity.
   It protects you from poison.
 I - a +1 pair of boots of jumping (worn)
 W - the +4 dragonskin cloak (worn)
   (You took it off Tiamat on level 5 of the Realm of Zot)
 X - the +2 pair of gloves "Cru Tuxt" (worn) {rN+}
   (You acquired it on level 5 of the Spider Nest)

   It protects you from negative energy.
Magical devices
 b - a wand of disintegration (4)
 d - a wand of teleportation (2)
 m - a wand of polymorph (15)
 q - a wand of fire (8)
 r - a wand of fireball (0)
 t - a wand of disintegration (16)
 x - a wand of teleportation (3)
 y - a wand of digging (5)
 D - a wand of invisibility (1)
 E - a wand of fire (6)
 K - a wand of disintegration (0)
 M - a wand of heal wounds (3)
 P - a wand of teleportation (6)
 Q - a wand of digging (14)
 T - a wand of cold (2)
 Y - a wand of fire (8)
Scrolls
 f - 17 scrolls of remove curse
 g - 12 scrolls of recharging
 k - 2 scrolls of summoning
 l - 11 scrolls of identify
 v - 10 scrolls of fog
 C - 8 scrolls of fear
 F - 10 scrolls of amnesia
 G - a scroll of enchant armour
 L - 5 scrolls of teleportation
 S - 3 scrolls of vulnerability
 U - a scroll of silence
Jewellery
 c - the ring of Birdsong (left hand) {rC+ rN+}
   (You found it on level 3 of the Crypt)

   [ring of positive energy]

   It protects you from cold.
   It protects you from negative energy.
 e - a cursed ring of teleportation {unknown}
 A - the ring of Beauty (right hand) {rN+ Dex+1 Slay+4}
   (You found it on level 3 of the Crypt)

   [ring of positive energy]

   It affects your dexterity (+1).
   It affects your accuracy and damage with ranged weapons and melee attacks
   (+4).
   It protects you from negative energy.
 N - an amulet of resist mutation (around neck)
Potions
 a - 22 potions of curing
 h - 3 potions of cancellation
 i - 2 potions of brilliance
 s - 6 potions of resistance
 u - 4 potions of restore abilities
 w - 9 potions of coagulated blood
 H - a potion of might
 J - 2 potions of agility
 Z - 15 potions of blood
Books
 o - a book of Battle

   Spells                             Type                      Level
   Infusion                           Charms                       1
   Shroud of Golubria                 Charms/Translocation         2
   Song of Slaying                    Charms                       2
   Spectral Weapon                    Hexes/Charms                 3
   Regeneration                       Charms/Necromancy            3
 V - Iskenderun's Tome of Burning Arcane Weapons
   (You found it on level 2 of the Realm of Zot)

   Spells                             Type                      Level
   Conjure Flame                      Conjuration/Fire             3
   Mephitic Cloud                     Conjuration/Poison/Air       3
   Sticky Flame                       Conjuration/Fire             4
   Throw Icicle                       Conjuration/Ice              4
   Bolt of Fire                       Conjuration/Fire             6

Table legend:
 A = Turns spent in this place as a percentage of turns spent in the entire game.
 B = Non-inter-level travel turns spent in this place as a percentage of non-inter-level travel turns spent in the entire game.
 C = Inter-level travel turns spent in this place as a percentage of turns spent in this place.
 D = Turns resting spent in this place as a percentage of non-inter-level travel turns spent in this place.
 E = Turns spent auto-exploring this place as a percentage of non-inter-level travel turns spent in this place.
 F = Non-inter-level travel turns spent in this place divided by the number of levels of this place that you've seen.
                   A       B       C       D       E      F
               +-------+-------+-------+-------+-------+----------------------
         Total | 100.0 | 100.0 |   0.9 |   4.0 |   7.4 | 412.4
       Dungeon |  19.5 |  19.5 |   1.1 |   4.2 |  10.3 | 321.3
        Temple |   0.1 |   0.1 |   0.0 |   0.0 |  11.1 |  18.0
  Orcish Mines |   3.7 |   3.7 |   1.4 |   0.9 |  12.9 | 230.8
          Lair |  10.7 |  10.6 |   1.2 |   1.4 |  10.6 | 328.8
        Shoals |   5.8 |   5.8 |   0.8 |   6.6 |   4.5 | 286.8
   Spider Nest |   9.6 |   9.6 |   0.7 |   4.7 |   8.9 | 477.2
        Vaults |  18.4 |  18.4 |   0.8 |   3.6 |   4.2 | 911.4
         Crypt |   5.6 |   5.6 |   0.4 |   2.7 |   7.4 | 466.0
        Depths |  10.2 |  10.2 |   0.9 |   4.0 |   7.2 | 504.8
           Zot |  12.7 |  12.7 |   1.0 |   6.1 |   4.4 | 626.6
     Labyrinth |   0.7 |   0.7 |   0.0 |   1.7 |   0.0 | 176.0
         Sewer |   0.6 |   0.6 |   0.0 |   1.3 |   7.8 | 154.0
      Ice Cave |   1.4 |   1.4 |   0.0 |  11.1 |   4.7 | 342.0
        Wizlab |   1.0 |   1.0 |   0.0 |   3.2 |   8.4 | 250.0
               +-------+-------+-------+-------+-------+----------------------


   Skills:
 + Level 17.1 Fighting
 + Level 21.7 Armour
 + Level 23.7 Dodging
 - Level 5.0 Shields
 O Level 27 Unarmed Combat
 - Level 5.0 Spellcasting
 - Level 6.0 Charms
 - Level 5.0 Translocations
 - Level 17.0 Transmutations
 - Level 10.0 Earth Magic
 - Level 10.0 Invocations


You had 4 spell levels left.
You knew the following spells:

 Your Spells              Type           Power        Failure   Level  Hunger
a - Ice Form              Ice/Trmt       ######..     6%          4    ###....
b - Control Teleport      Chrm/Tloc      #####.....   17%         4    ###....
c - Spider Form           Trmt/Pois      ######....   1%          3    #......
d - Blade Hands           Trmt           #######...   1%          5    ####...
e - Statue Form           Trmt/Erth      ######...    12%         6    ######.
f - Dragon Form           Trmt           #######...   14%         7    #######
g - Blink                 Tloc           N/A          3%          2    None
h - Apportation           Tloc           #####.....   1%          1    None


Dungeon Overview and Level Annotations

Branches:
Dungeon (15/15)            Temple (1/1) D:7             Orc (4/4) D:11
    Elf (0/3) Orc:3          Lair (8/8) D:9          Shoals (5/5) Lair:5
 Spider (5/5) Lair:4        Slime (0/6) Lair:8       Vaults (5/5) D:13
  Crypt (3/3) Vaults:3       Tomb (0/3) Crypt:3      Depths (5/5) D:15
    Zot (5/5) Depths:5

Altars:
Ashenzari
Cheibriados
Elyvilon
Fedhas
Kikubaaqudgha
Makhleb
Nemelex Xobeh
Okawaru
Qazlal
Trog
Vehumet
Yredelemnul
Zin
The Shining One

Shops:
D:10 %   D:14 %   Orc:2 (   Orc:3 (   Orc:4 !*(?   Shoals:1 (   Vaults:1 %
Vaults:3 !}   Vaults:5 :   Depths:2 *

Portals:
Hell: Depths:1 Depths:2 Depths:3 Depths:4 Depths:5
Abyss: Depths:4
Pandemonium: Depths:3 Depths:5
Ziggurat: Depths:5
Trove: D:12 (give 5 scrolls of blinking)

Annotations:
D:4 MackTheKnife's ghost, average CeGl
D:8 exclusion: oklob sapling
Shoals:3 Asterion; Ilsuiw
Crypt:3 exclusion: curse skull


Innate Abilities, Weirdness & Mutations

Your natural rate of healing is unusually fast.
You can bottle blood from corpses.
You have razor-sharp teeth.
You have supernaturally acute eyesight.
You can survive without breathing.
You have sharp toenails.
You are somewhat resistant to further mutation.
Your system is resistant to poisons.


Message History

The blue devil is moderately wounded.
You pound the blue devil into fine dust!!!
You kill the blue devil!
Cheibriados appreciates the change of pace.
(D) Dungeon (T) Temple (O) Orcish Mines (E) Elven Halls (L) Lair (A) Shoals (N) Spider Nest (M) Slime Pits (V) Vaults (C) Crypt (W) Tomb (U) Depths (H) Hell (Z) Zot
Where to? (Enter - D:1 @ (x,y), ? - help)
An eye of draining comes into view.
You squash the eye of draining like an ant!!!
You kill the eye of draining!
(D) Dungeon (T) Temple (O) Orcish Mines (E) Elven Halls (L) Lair (A) Shoals (N) Spider Nest (M) Slime Pits (V) Vaults (C) Crypt (W) Tomb (U) Depths (H) Hell (Z) Zot
Where to? (Enter - D:1 @ (x,y), ? - help)
There is an open door here.
There is a staircase leading out of the dungeon here.
You have escaped!

#.#.# #.#....#.....#......#.###.#
..#.# #.≈....≈.....#.#..........#
###.# #.≈..⌠.§.....#.#....#.#####
# #.###.≈...[≈.....#.##...#.# #
#.....#....#.....#.##...#.#####
######.###≈≈###≈≈###.###>.#.#....
.......#.....#....#.(####.#.###.#
.#...###.....≈....≈..(....#.# #.#
.#.#.###.....≈.⌠@.≈..######.# #.#
.......#.....≈....≈..# #.# #.#
...#..##.....#....#.## #.# #..
.............##≈≈#'.# #.# ###
..###....#####......# #.#
...##....# #####.## #.#
#..##.#### #.# #.##### #.....#
#.########.#.... ##....#
#..........#.###


There were no monsters in sight!

Table legend:
 A = Kills in this place as a percentage of kills in entire the game.
 B = Kills by you in this place as a percentage of kills by you in the entire game.
 C = Kills by friends in this place as a percentage of kills by friends in the entire game.
 D = Other kills in this place as a percentage of other kills in the entire game.
 E = Experience gained in this place as a percentage of experience gained in the entire game.
 F = Experience gained in this place divided by the number of levels of this place that you have seen.
                   A       B       C       D       E      F
               +-------+-------+-------+-------+-------+----------------------
         Total | 100.0 | 100.0 | 100.0 | 100.0 | 100.0 | 30644.6
       Dungeon |  16.8 |  16.4 |  60.6 |  28.6 |   5.6 | 6842.2
  Orcish Mines |   6.0 |   5.9 |  15.2 |   0.0 |   0.6 | 2949.0
          Lair |  12.2 |  12.2 |  18.2 |   0.0 |   4.4 | 10135.8
        Shoals |   2.9 |   2.9 |   0.0 |   0.0 |   2.9 | 10813.2
   Spider Nest |  13.1 |  13.1 |   6.1 |  28.6 |   7.7 | 28318.4
        Vaults |  18.5 |  18.7 |   0.0 |   0.0 |  23.7 | 87182.6
         Crypt |   5.7 |   5.8 |   0.0 |   0.0 |   6.6 | 40319.7
        Depths |  11.6 |  11.7 |   0.0 |  14.3 |  18.0 | 66112.4
           Zot |   9.2 |   9.3 |   0.0 |  14.3 |  29.0 | 106734.6
     Labyrinth |   0.2 |   0.2 |   0.0 |   0.0 |   0.1 | 2114.0
         Sewer |   0.9 |   0.9 |   0.0 |   0.0 |   0.0 |  68.0
      Ice Cave |   1.7 |   1.7 |   0.0 |  14.3 |   0.4 | 6712.0
        Wizlab |   1.1 |   1.2 |   0.0 |   0.0 |   1.0 | 17502.0
               +-------+-------+-------+-------+-------+----------------------

Vanquished Creatures
  4 orbs of fire
  Tiamat (Zot:5)
  5 ancient liches
  Boris (Vaults:5)
  Mara (Vaults:5)
  3 Killer Klowns
  4 pandemonium lords
  12 golden dragons
  Jory (Vaults:5)
  2 bone dragons (Depths:5)
  A Brimstone Fiend (D:10)
  7 electric golems
  Xtahua (Vaults:4)
  Frederick (Depths:5)
  Arachne (Spider:2)
  15 tentacled monstrosities
  7 liches
  An Executioner (Zot:5)
  29 Orb Guardians
  A quicksilver dragon (Depths:3)
  9 titans
  2 octopode crushers
  A sphinx (Vaults:2)
  A kraken (Shoals:5)
  18 storm dragons
  2 ancient champions (Crypt:1)
  Agnes (Vaults:1)
  6 tengu reavers
  3 thorn hunters (WizLab)
  5 shadow dragons
  A revenant (Crypt:2)
  Roxanne (Shoals:2)
  10 draconian monks
  8 draconian scorchers
  8 ghost moths
  A deep elf sorcerer (Vaults:1)
  Maud (Lair:6)
  10 draconian knights
  7 fire giants
  3 iron dragons
  15 emperor scorpions
  10 frost giants
  An orc warlord (Orc:4)
  Aizul (Vaults:1)
  Louise (Spider:3)
  25 vault wardens
  5 draconian zealots
  8 draconian annihilators
  5 ghouls
  4 war gargoyles (Vaults:5)
  2 spriggan defenders (Depths:3)
  5 grey draconians
  8 reapers
  4 deep elf demonologists
  21 stone giants
  A stone giant (shapeshifter) (Vaults:3)
  3 curse skulls
  12 very ugly things
  9 green draconians
  2 draconian shifters
  3 draconian callers
  A lorocyproca (Depths:1)
  A deep elf annihilator (Vaults:1)
  2 vampire knights
  11 pale draconians
  7 dire elephants
  12 yellow draconians
  10 red draconians
  15 white draconians
  12 mottled draconians
  11 purple draconians
  14 black draconians
  17 ettins
  11 eidola
  A yellow draconian (shapeshifter) (Vaults:4)
  An unborn (Depths:4)
  Snorg (Shoals:5)
  45 vault guards
  A crystal guardian (Vaults:3)
  4 minotaurs
  8 deep elf death magi
  3 merfolk javelineers
  14 yaktaur captains
  6 merfolk impalers
  A mummy priest (Crypt:3)
  2 deep elf high priests (Vaults:5)
  2 jiangshi
  8 great orbs of eyes
  20 fire dragons
  15 ironheart preservers
  12 death cobs
  11 hydras
  4 quicksilver dragon skeletons
  A rakshasa (Depths:3)
  Harold (D:14)
  23 ice dragons
  6 ghost crabs
  3 spriggan air magi (Depths:2)
  Nessos (Orc:4)
  A merfolk aquamancer (Shoals:5)
  4 sirens
  Erica (Lair:8)
  2 alligator snapping turtles (Shoals:4)
  11 ogre magi
  A ghost crab (shapeshifter) (Vaults:5)
  7 deep troll earth magi
  27 death yaks
  A spectral stone giant (Crypt:1)
  19 centaur warriors
  A dancing weapon (Vaults:5)
  A death knight (Crypt:2)
  3 satyrs
  4 tengu warriors
  A vampire mage (Crypt:2)
  2 titan zombies
  6 spriggan berserkers
  6 soul eaters
  7 deep troll shamans
  2 fire crabs
  Nergalle (Lair:7)
  A catoblepas (Lair:8)
  A storm dragon zombie (Depths:3)
  2 titan skeletons
  A sun demon (Depths:1)
  3 shadow wraiths
  A deep elf knight (D:15)
  2 storm dragon skeletons (Depths:2)
  5 iron trolls
  6 hell knights
  34 skeletal warriors
  An unseen horror (shapeshifter) (D:15)
  7 sea snakes
  7 large abominations
  15 unseen horrors
  19 orb spiders
  A lindwurm (Zot:5)
  28 deep trolls
  5 golden dragon zombies
  2 flayed ghosts
  3 anaconda zombies
  2 ice statues
  3 shadow dragon zombies
  15 orc knights
  3 wizards
  7 hill giants
  7 giant orange brains
  3 deep elf conjurers
  4 orc sorcerers
  A sphinx zombie (Crypt:1)
  17 ironbrand convokers
  11 griffons
  55 wolf spiders
  A fire giant zombie (Crypt:1)
  2 wolf spider zombies (Crypt:3)
  23 necromancers
  3 stone giant zombies
  12 harpies
  2 hill giants (shapeshifter)
  9 red wasps
  10 fauns
  A shadow dragon skeleton (Crypt:3)
  2 frost giant zombies
  3 tengu skeletons
  19 phantasmal warriors
  6 water nymphs
  6 mermaids
  7 cyclopes
  6 manticores
  3 sphinx skeletons
  25 moths of wrath
  57 ugly things
  An iron dragon skeleton (Depths:4)
  2 sixfirhies
  A toenail golem (D:11)
  A centaur zombie (D:14)
  5 frost giant skeletons
  2 stone giant skeletons (Crypt:3)
  A spriggan zombie (Depths:4)
  A drowned soul (Shoals:4)
  23 elephants
  2 guardian serpents (shapeshifter)
  Joseph (D:9)
  3 smoke demons
  11 spiny frogs
  3 fire giant skeletons
  An iron devil (Zot:4)
  18 vault sentinels
  A torpor snail (Depths:4)
  2 item mimics
  A mermaid (shapeshifter) (D:13)
  A storm dragon simulacrum (Crypt:1)
  85 yaktaurs
  4 black mambas
  A dire elephant skeleton (Depths:2)
  3 gargoyles
  A red draconian zombie (Zot:5)
  A queen ant (Spider:4)
  A yaktaur zombie (Vaults:3)
  A spiny frog (shapeshifter) (Vaults:1)
  A black draconian zombie (Zot:4)
  A feature mimic (D:7)
  5 komodo dragons
  24 demonic crawlers
  4 kobold demonologists
  A mottled draconian zombie (Zot:3)
  2 white draconian zombies
  The ghost of haldagan the Insei, an experienced GrMo (D:5)
  3 fire drakes
  A yellow draconian zombie (Crypt:1)
  2 redback zombies
  An elf (shapeshifter) (Depths:3)
  14 hellwings
  A minotaur zombie (Crypt:2)
  21 freezing wraiths
  A grey draconian skeleton (Zot:4)
  Grinder (D:5)
  3 tengu conjurers
  2 trolls (shapeshifter)
  6 wandering mushrooms
  A queen bee (shapeshifter) (Vaults:3)
  2 sea snake skeletons
  A blue devil (D:1)
  2 guardian mummies (Crypt:3)
  2 hydra zombies
  19 merfolk
  2 wolf spider simulacra (IceCv)
  A queen bee (Spider:4)
  42 jumping spiders
  2 moth of wrath zombies
  7 trolls
  A mana viper skeleton (Crypt:2)
  4 deep elf priests
  3 polar bears
  4 boulder beetles
  10 ravens
  A snapping turtle (shapeshifter) (D:11)
  15 two-headed ogres
  23 blink frogs
  2 ice dragon zombies
  29 slime creatures
  3 wind drakes
  2 fire dragon zombies
  A baby alligator (shapeshifter) (Vaults:5)
  7 shadows
  8 snapping turtles
  15 water elementals
  2 stone giant simulacra
  4 basilisks
  3 wyverns
  18 flying skulls
  41 trapdoor spiders
  A hill giant zombie (D:15)
  A fire dragon skeleton (Crypt:3)
  3 spriggans
  40 tarantellas
  2 air elementals (Depths:2)
  68 redbacks
  7 deep elf magi
  4 vampires
  42 yaks
  2 tarantellas (shapeshifter)
  A human (shapeshifter) (Vaults:3)
  11 wraiths
  3 ettin skeletons
  4 fire bats (Zot:3)
  18 wolves
  9 deep elf fighters
  3 hungry ghosts
  A yaktaur simulacrum (Vaults:3)
  2 chaos spawn (Depths:4)
  3 neqoxecs
  A hell beast (Depths:1)
  16 hippogriffs
  A harpy simulacrum (Crypt:3)
  4 tengu zombies
  Edmund (D:8)
  A gelid demonspawn zombie (Crypt:2)
  3 mottled dragons
  4 ogre zombies
  A catoblepas simulacrum (Crypt:1)
  11 vampire mosquitoes
  4 raven skeletons (Crypt:3)
  A spiny frog zombie (Crypt:3)
  5 wargs
  11 porcupines
  A red wasp simulacrum (Vaults:1)
  20 soldier ants (Spider:4)
  9 ice beasts
  A swamp drake (Zot:2)
  An ogre skeleton (D:12)
  A manticore zombie (D:11)
  5 sky beasts
  8 water moccasins
  4 small abominations (Depths:4)
  58 centaurs
  54 orc warriors
  3 necrophages
  A spiny frog skeleton (Crypt:3)
  37 spiders
  4 yellow wasps
  4 human zombies
  4 phantoms
  2 snapping turtle zombies
  9 boggarts
  4 human simulacra
  13 crocodiles
  A black bear (Lair:5)
  A manticore skeleton (D:15)
  50 ogres
  6 human skeletons
  3 draconian zombies
  Duvessa (D:8)
  2 boring beetles
  A fire drake skeleton (Crypt:1)
  A big kobold (D:9)
  A gnoll sergeant (D:7)
  2 earth elementals (WizLab)
  24 giant frogs
  2 yaktaur skeletons
  A cyclops skeleton (Crypt:1)
  12 scorpions
  A yak zombie (Crypt:2)
  3 elf zombies
  2 eyes of draining
  3 jellies
  A hippogriff skeleton (D:5)
  33 killer bees
  7 electric eels
  6 elf skeletons
  22 wights
  A swamp dragon simulacrum (IceCv)
  Dowan (D:8)
  8 spriggan skeletons
  A goliath beetle (D:9)
  11 hounds
  2 quasits
  A yellow wasp zombie (Crypt:1)
  8 crimson imps
  3 centaur skeletons
  6 draconian simulacra (IceCv)
  A giant frog zombie (D:11)
  Crazy Yiuf (D:5)
  29 orc priests
  11 iguanas
  29 orc wizards
  2 iron imps
  4 troll simulacra (IceCv)
  37 worker ants
  7 orange rats (Lair:6)
  A porcupine skeleton (Crypt:2)
  3 spriggan simulacra (IceCv)
  A wolf simulacrum (IceCv)
  2 centaur simulacra (IceCv)
  38 sheep
  A brain worm zombie (D:13)
  A sky beast zombie (Crypt:2)
  A mottled dragon skeleton (D:4)
  2 mummies
  3 naga simulacra (IceCv)
  3 gnolls (D:4)
  2 ogre simulacra (IceCv)
  An orc skeleton (D:6)
  2 shadow imps
  23 white imps
  31 adders
  3 giant mites
  82 green rats
  2 worms (D:3)
  A goliath beetle zombie (Crypt:1)
  3 ufetubi
  A lava snake skeleton (Crypt:2)
  3 orc zombies
  An adder skeleton (D:4)
  7 giant geckos
  2 oozes
  180 orcs
  32 ball pythons
  15 bats
  5 giant cockroaches
  20 goblins
  20 hobgoblins
  12 jackals
  19 kobolds
  A giant gecko skeleton (D:6)
  4 giant newts
  2 giant spores
  A hobgoblin skeleton (D:5)
  A kobold zombie (D:7)
  12 quokkas
  11 rats
  8 ballistomycetes
  A crawling corpse (Vaults:5)
  A macabre mass (Vaults:5)
  A plant (D:14)
  12 toadstools (WizLab)
3245 creatures vanquished.

Vanquished Creatures (collateral kills)
  Rupert (Lair:5)
  A hydra (Lair:8)
  3 hill giants
  4 oklob plants (Lair:8)
  2 tarantellas (Spider:3)
  Menkaure (D:5)
  An orc warrior (Orc:4)
  3 centaurs (Orc:4)
  An ogre (D:4)
  An electric eel (D:11)
  A crimson imp (D:11)
  A jelly (D:11)
  An orc wizard (D:11)
  A gnoll (D:4)
  A giant gecko (D:5)
  8 orcs
  A bat (D:5)
  A rat (D:8)
  A ballistomycete (D:11)
34 creatures vanquished.

Vanquished Creatures (others)
  A pandemonium lord (Depths:1)
  A sun demon (Depths:1)
  A large abomination (Depths:1)
  An orb spider (Spider:1)
  A hill giant (D:11)
  21 drowned souls
  A smoke demon (Zot:2)
  A grey draconian zombie (Zot:4)
  A tengu conjurer (D:14)
  A blue devil (Depths:1)
  A swamp drake (Zot:2)
  A centaur (Depths:2)
  14 lost souls
  A crimson imp (D:13)
  A white imp (IceCv)
  2 giant spores (D:11)
  2 ballistomycetes (D:11)
  A block of ice (Depths:1)
  8 fungi
  16 plants
  4 tentacles (Shoals:5)
  12 toadstools (WizLab)
93 creatures vanquished.

Grand Total: 3372 creatures vanquished

Action                   |  1- 3 |  4- 6 |  7- 9 | 10-12 | 13-15 | 16-18 | 19-21 | 22-24 | 25-27 || total
-------------------------+-------+-------+-------+-------+-------+-------+-------+-------+-------++-------
Melee: Unarmed           |   145 |   119 |   293 |   728 |  1012 |  1755 |  1556 |  1398 |  1431 ||  8437
Throw: Tomahawk          |       |    11 |     3 |       |       |       |       |       |       ||    14
 Cast: Beastly Appendage |     6 |    11 |    31 |    12 |       |       |       |       |       ||    60
       Sticks to Snakes  |       |    25 |    32 |    16 |    15 |    26 |       |       |       ||   114
       Spider Form       |       |       |     1 |    18 |       |       |       |       |       ||    19
       Blade Hands       |       |       |       |     4 |    28 |    52 |    56 |    70 |    99 ||   309
       Ice Form          |       |       |       |     8 |     3 |     2 |     1 |       |       ||    14
       Statue Form       |       |       |       |       |       |       |    12 |     2 |       ||    14
       Dragon Form       |       |       |       |       |       |       |       |     1 |       ||     1
       Control Teleport  |       |       |       |       |       |       |       |     2 |     7 ||     9
       Blink             |       |       |       |       |       |       |       |       |     6 ||     6
Invok: Slouch            |       |       |       |     4 |    16 |    22 |     7 |     4 |     1 ||    54
       Step From Time    |       |       |       |       |     1 |       |       |     1 |     2 ||     4
       Temporal Distorti |       |       |       |       |       |    17 |    23 |    55 |     9 ||   104
       Bend Time         |       |       |       |       |       |       |       |       |     1 ||     1
 Abil: Bottle Blood      |       |       |    24 |    54 |    39 |   188 |   132 |   103 |   111 ||   651
       End Transformatio |       |       |       |       |     3 |       |     2 |     2 |     3 ||    10
       Evoke Flight      |       |       |       |       |       |     1 |       |       |       ||     1
       Breathe Fire      |       |       |       |       |       |       |       |     1 |       ||     1
Evoke: Wand              |       |     1 |       |     7 |    44 |    30 |     6 |     3 |     4 ||    95
  Use: Potion            |     1 |     1 |    25 |    45 |    48 |    91 |    70 |    83 |    84 ||   448
       Scroll            |     6 |     6 |     5 |    15 |    12 |    14 |     6 |     8 |    26 ||    98
 Stab: Sleeping          |       |       |     1 |     1 |     1 |     2 |     3 |       |       ||     8
       Distracted        |       |       |       |       |     3 |     5 |     3 |       |       ||    11
       Invisible         |       |       |       |       |     1 |    19 |       |       |       ||    20
       Confused          |       |       |       |       |     2 |       |       |       |       ||     2
  Eat: Corpse            |    18 |    10 |     9 |     1 |       |       |       |       |       ||    38

Vault maps used:
D:1:      dpeg_arrival_rooms_with_view
D:2:      grunt_temple_overflow_open, trog_three_pillars_becter
D:3:      first_bread
D:5:      lightli_sewer_entry_pipes, uniq_grinder, uniq_crazy_yiuf_cottage,
          uniq_menkaure
D:6:      kennysheep_mini, eino_small_chamber_without_monster,
          kennysheep_nondescript
D:7:      kennysheep_six_static_rooms, minmay_temple_entry_large_hall
D:8:      hangedman_tree_tricks, minivault_4, uniq_duvessa, uniq_edmund
D:9:      david_lair_shrubbed, basic_altar, uniq_joseph
D:10:     serial_shops, shop
D:11:     erik_orc_2
D:12:     nicolae_trove_entry_free_sample, minmay_misc_feat_cross
D:13:     lightli_vaults_fourway_checkpoint, basic_altar, minmay_misc_feat_room
D:14:     wad_lake_hut, nemelex_xobeh_ov_fountains_minmay, serial_shops, shop,
          uniq_harold
D:15:     hangedman_depths_entry_civil_slaughter, lab_entry_generic,
          minmay_stone_trees_medium
Temple:   nicolae_temple_god_jail
Orc:2:    serial_shops, shop, trog_butcher_becter
Orc:3:    serial_shops, shop, nicolae_orc_pool_cavern
Orc:4:    basic_altar, st_orc_rangers, uniq_nessos
Lair:1:   beast_lair_carwin_9, lemuel_fruit_fields
Lair:2:   portal_ice_cave_entry_imps, minivault_27, grunt_forest_small_clearings
Lair:3:   lemuel_fruit_tree
Lair:4:   spider_nest_entry_rubble, lemuel_fruit_fields
Lair:5:   elwin_shoals_entry_stream, forest_entry_grove, uniq_rupert
Lair:6:   basic_altar, lemuel_centaur_altar, uniq_maud
Lair:7:   wad_woods_03, grunt_megastairs_2, uniq_nergalle
Lair:8:   grunt_lair_end_beastmaster, minmay_slime_entry_oklob_open,
          st_stairs_8, uniq_erica
Shoals:1: serial_shops, shop_fountains
Shoals:2: nicolae_shoals_arrival_archipelago, uniq_roxanne
Shoals:3: hangedman_shoal_octodias, uniq_frances, uniq_asterion, uniq_ilsuiw
Shoals:4: uniq_jorgrun
Shoals:5: shoals_end_simple, shoals_ilsuiw_alternative, uniq_snorg
Spider:1: nicolae_spider_corner
Spider:2: nicolae_arachne_temple
Spider:3: uniq_louise
Spider:4: special_room, zaba_anthell
Spider:5: grunt_spider_rune_parallel
Vaults:1: hangedman_vaults_locks, v_rooms_3, nicolae_vaults_statue_guard,
          nicolae_vaults_big_ls, nicolae_vaults_border_crossing,
          vaults_room_semicircle, hangedman_vaults_maws, vaults_room_grid,
          ontoclasm_vaults_pinch, nicolae_vaults_little_squares_1,
          vaults_room_door_ring, ontoclasm_vaults_ring_square, serial_shops,
          shop, uniq_aizul, uniq_agnes
Vaults:2: vaults_standard_mumra_lines, ontoclasm_vaults_hangar,
          vaults_room_fours, ontoclasm_vaults_ring_small,
          vaults_dpeg_encased_lava, v_misc_13, v_misc_3, v_misc_33,
          hangedman_vaults_river_flow, nicolae_vaults_circle_grid_a, v_misc_24,
          ontoclasm_vaults_chip, hangedman_vaults_stretched_pinwheel,
          nicolae_vaults_an_arrangement
Vaults:3: v_misc_15, v_alt_pattern_6, v_misc_19, vaults_room_door_ring,
          minmay_crypt_entry_nasty_monster, vaults_dpeg_spiral,
          grunt_vaults_twisty, v_pattern_4, kb_rosetta, vaults_dpeg_diagonal,
          serial_shops, shop, nicolae_shop_crystal
Vaults:4: vaults_room_large_hall, st_quartered_hall, hangedman_vaults_snaps,
          ontoclasm_vaults_twist, v_misc_11, grunt_vaults_hallway_long,
          mu_enter_wizlab_1, uniq_xtahua
Vaults:5: uniq_boris, uniq_jory, uniq_mara
Crypt:1:  crypt_curse_skull
Crypt:2:  crypt_curse_skull
Crypt:3:  evilmike_haunted_forest
Depths:1: serial_sigils_hangedman_gnaw, grunt_metal_band, grunt_ministairs_10,
          eino_small_chamber_without_monster, nemelex_diamond_rough_becter
Depths:2: minmay_skeleton_keep, kennysheep_flooded_box,
          grunt_hell_entry_dis_grunt, serial_shops, shop,
          kennysheep_random_hallway
Depths:3: minmay_containers, pan_entry, kennysheep_pointless_box,
          pf_hell_entry_tar_spiral, kennysheep_kite_vault, serial_bayou_shore_b,
          minmay_staircase_windowed_large, serial_bayou_shore_a, firewood_loft
Depths:4: hangedman_screamer, minmay_room_of_horrors, hangedman_geh_valley,
          serial_bayou_shore_b, infiniplex_staircase_x
Depths:5: evilmike_zot_entry_diamond, enter_ziggurat_e, minmay_misc_feat_rows,
          pan_entry, hell_entry, basic_stair_grate_trap,
          roderic_lattice_octagonal_star, uniq_frederick
Zot:1:    st_stairs_4
Zot:2:    hangedman_elemental_corridor
Zot:5:    uniq_tiamat
Lab:      nicolae_lab_dead_adventurers, nicolae_lab_arrow, nicolae_lab_hexagon,
          nicolae_lab_t_cross, lab_statue, lab_hedge, labyrinth_fake_exit,
          lab_fountain, nicolae_lab_flowing_pool, nicolae_lab_blocks
Sewer:    sewer_ratzerg_badplayer
IceCv:    ice_cave_small_necro
WizLab:   wizlab_eringya
